 Dungeon Crawl Stone Soup version 0.28-a0-984-g3775c662fe (webtiles) character file.

Game seed: 1740823884684105316

295 devianceone the Chopper (level 6, -8/56 HPs)
             Began as a Minotaur Berserker on Dec 3, 2021.
             Was a Believer of Trog.
             Killed by nerve-wracking pain
             ... invoked by an orc priest
              (12 damage)
             ... on level 4 of the Dungeon.
             The game lasted 00:13:49 (2164 turns).

devianceone the Chopper (Minotaur Berserker)        Turns: 2164, Time: 00:13:49

Health: -8/56      AC: 10    Str: 24    XL:     6   Next: 11%
Magic:  5/5        EV:  8    Int: 10    God:    Trog [**....]
Gold:   50         SH:  3    Dex:  9    Spells: 5/5 levels left

rFire   . . .      SeeInvis .   p - +1 spear (vorpal)
rCold   . . .      Faith    .   m - +0 buckler
rNeg    . . .      Spirit   .   d - +0 chain mail
rPois   .          Reflect  .   (helmet restricted)
rElec   .          Harm     .   (no cloak)
rCorr   .          Rampage  .   (no gloves)
Will    .....                   n - +0 pair of boots
Stlth   ..........              (no amulet)
HPRegen 0.18/turn               i - +6 ring of intelligence
MPRegen 0.09/turn               (no ring)

@: no status effects
A: horns 2, retaliatory headbutt
a: Renounce Religion, Berserk, Trog's Hand


You were on level 4 of the Dungeon.
You worshipped Trog.
Trog was pleased with you.
You visited 1 branch of the dungeon, and saw 4 of its levels.

You collected 165 gold pieces.
You spent 115 gold pieces at shops.

Inventory:

Hand Weapons
 a - a +1 hand axe
 b - a +0 flail
 p - a +1 vorpal spear (weapon)
Missiles
 c - 149 stones (quivered)
 g - 27 sling bullets
 k - 3 boomerangs
 l - 19 arrows
Armour
 d - a +0 chain mail (worn)
 m - a +0 buckler (worn)
 n - a +0 pair of boots (worn)
Jewellery
 i - a +6 ring of intelligence (left hand)
Potions
 e - a potion of magic
 f - a potion of cancellation
 h - a potion of flight


   Skills:
 + Level 5.3 Fighting
 + Level 6.1 Axes
 + Level 0.2(3.7) Polearms
 + Level 3.5 Armour
 + Level 3.0 Dodging
 + Level 0.8 Stealth
 + Level 0.6 Shields


You had 5 spell levels left.
You didn't know any spells.
Your spell library contained the following spells:

 Spells                   Type           Power      Damage    Failure   Level
 Portal Projectile        Hex/Tloc       0%         N/A       100%        3
 Blade Hands              Tmut           0%         N/A       100%        5
 Excruciating Wounds      Necr           0%         N/A       100%        5


Dungeon Overview and Level Annotations

Branches:
Dungeon (4/15)
 Temple: D:4-7

Altars:

Shops:
D:3 *


Innate Abilities, Weirdness & Mutations

You have a pair of horns on your head.
You reflexively headbutt those who attack you in melee.


Message History

Unknown command.
Unknown command. 2 orcs come into view.
The orc shouts!
An orc priest comes into view. It is wielding a +0 mace.
There is a stone staircase leading down here.
You hit the orc. Your headbutt misses the orc.
The orc is severely wounded.
The orc hits you but does no damage.
You barely miss the orc. Your headbutt misses the orc.
The orc is severely wounded.
The orc hits you with a +0 whip.
* * * LOW HITPOINT WARNING * * *
You hit the orc.
You kill the orc!
Trog accepts your kill.
You closely miss the orc. Your headbutt misses the orc.
You block the orc's attack.
You hit the orc.
The orc is moderately wounded.
The orc hits you with a +0 hand axe.
* * * LOW HITPOINT WARNING * * *
You puncture the orc!
You kill the orc!
Trog accepts your kill.
An orc priest comes into view. It is wielding a +0 whip of flaming.
You have reached level 6!
The orc priest shouts!
The orc priest invokes the aid of Beogh against you.
You barely resist.
Items here: )) [ †.
You puncture the orc priest! You headbutt the orc priest.
You kill the orc priest!
Trog accepts your kill.
The orc priest invokes the aid of Beogh against you.
Beogh smites you!
* * * LOW HITPOINT WARNING * * *
The orc priest calls down the wrath of Beogh upon you.
Pain shoots through your body!
You die... #....####..# #..>..## #.# ##>.....# .oo

#.o####†#
##.. #..# #.#
#o. #..# #.#
.. # #.## #<#
.###.#####.##
#.#
........##@.#
#.# #..)..#
#.#
.......###..#
..# #...#.#
#........ #.
#. ###..... .
##... .. #..
#. .. #.


You could see an orc priest.

Vanquished Creatures
  A sky beast (D:3)
  2 orc priests (D:4)
  2 iguanas (D:4)
  2 adders
  3 dart slugs (D:1)
  2 orcs (D:4)
  7 ball pythons
  7 bats
  9 endoplasms
  2 giant cockroaches (D:1)
  7 goblins
  3 hobgoblins
  A jackal (D:1)
  8 kobolds
  3 quokkas
  4 frilled lizards
  2 rats (D:1)
  A spectral kobold (D:1)
66 creatures vanquished.

Notes
Turn   | Place    | Note
-------+----------+-------------------------------------------
     0 | D:1      | devianceone the Minotaur Berserker began the quest for the
                  | Orb.
     0 | D:1      | Reached XP level 1. HP: 19/19 MP: 0/0
   146 | D:1      | Reached skill level 4 in Axes
   146 | D:1      | Reached XP level 2. HP: 26/27 MP: 1/1
   250 | D:1      | You fall into a shaft and drop 1 floor!
   399 | D:1      | Found a faded altar of an unknown god.
   404 | D:1      | Reached XP level 3. HP: 30/33 MP: 2/2
   490 | D:1      | Reached ** piety under Trog
  1265 | D:2      | Reached XP level 4. HP: 39/41 MP: 3/3
  1911 | D:3      | Found Idarics's General Store.
  1939 | D:3      | Bought a +1 vorpal spear for 115 gold pieces
  2030 | D:3      | Noticed a sky beast
  2066 | D:3      | Killed a sky beast
  2067 | D:3      | Reached skill level 5 in Fighting
  2067 | D:3      | Reached skill level 5 in Axes
  2067 | D:3      | Reached XP level 5. HP: 17/48 MP: 4/4
  2129 | D:4      | Reached skill level 6 in Axes
  2162 | D:4      | Reached XP level 6. HP: 13/56 MP: 5/5
  2164 | D:4      | Killed from afar by an orc priest

Illustrated notes

Levels and vault maps discovered:
D:1:      dpeg_arrival_concentric_ovals, layout_rooms,
          dreamdust_ecumenical_altar_drowned_temple, minmay_pentomino_x2
D:2:      layout_basic, minmay_misc_feat_doors
D:3:      layout_loops_ring, serial_shops, nicolae_shop_window_shopping,
          minmay_diced_spiral
D:4:      nicolae_cairo_tiling_large_dashed, layout_layer_cave, serial_shops,
          nicolae_inconvenience_store, chequers_jeans, minmay_misc_feat_roman,
          hangedman_minor_gate_pass

Skill      XL: |  1  2  3  4  5 |
---------------+----------------+-----
Axes           | 4 5 6 |  6.1
Fighting       | 4 5 |  5.3
Armour         | 3 |  3.5
Dodging        | 3 |  3.0
Polearms       | |  0.2
Stealth        | |  0.8
Shields        | |  0.6

Action                   |  1- 3 |  4- 6 || total
-------------------------+-------+-------++-------
Melee: Hand axe          |    77 |    25 ||   102
       Headbutt          |    13 |    12 ||    25
       Spear             |       |    47 ||    47
  Use: Scroll            |     4 |       ||     4
       Potion            |     2 |     1 ||     3
Armor: Animal skin       |     3 |       ||     3
       Chain mail        |    39 |    39 ||    78
Dodge: Dodged            |    39 |    11 ||    50
Block: Buckler           |     1 |     7 ||     8

Table legend: (Time is in decaauts)
 A = Elapsed time spent in this place.
 B = Non-inter-level travel time spent in this place.
 C = Inter-level travel time spent in this place.
 D = Time resting spent in this place.
 E = Time spent auto-exploring this place.
 F = Levels seen in this place.
 G = Mean time per level.
                   A        B        C        D        E       F      G
               +--------+--------+--------+--------+--------+-----+--------+
         Total |   2181 |   2124 |     57 |     67 |    908 |   4 |  545.2 |
       Dungeon |   2181 |   2124 |     57 |     67 |    908 |   4 |  545.2 |
               +--------+--------+--------+--------+--------+-----+--------+

Top non-repeatable levels by time:
     D:2: 915 daAuts
     D:1: 754 daAuts
     D:3: 440 daAuts
     D:4: 71 daAuts
